 Dungeon Crawl Stone Soup version bcrawl-1.17.3 (webtiles) character file.

Game seed: 4668242496708574197

205 Tinylith the Poker (level 5, -2/33 HPs)
             Began as a Skeleton Reaver on Oct 20, 2019.
             Was a Follower of Vehumet.
             Slain by Edmund
             ... wielding a +2 dire flail of crushing
              (11 damage)
             ... on level 3 of the Dungeon.
             The game lasted 00:08:51 (2452 turns).

Tinylith the Poker (Skeleton Reaver)                Turns: 2452, Time: 00:08:51

Health: -2/33      AC:  6    Str: 18      XL:     5   Next: 53%
Magic:  0/10       EV: 12    Int: 13      God:    Vehumet [*.....]
Gold:   221        SH:  0    Dex:  6 (7)  Spells: 10/11 levels left

rFire    . . .     SeeInvis .   o - -1 hunting sling (curse)
rCold    + . .     Gourm    .   (no shield)
rNeg     + + +     Faith    .   b - +0 steam dragon scales
rPois    ∞         Spirit   +   g - +0 helmet
rElec    .         Reflect  .   (no cloak)
rCorr    .         Harm     .   (no gloves)
MR       .....                  (no boots)
Stlth    +.........             (no amulet)
HPRegen  0.11/turn              (no ring)
MPRegen  0.12/turn              (no ring)

@: very slightly contaminated
A: no food or potions, cold resistance 1, deterioration 1, negative energy
resistance 3, torment resistance, unbreathing, magic shield, sturdy frame 1,
spell healing
a: Renounce Religion


You were on level 3 of the Dungeon.
You worshipped Vehumet.
Vehumet was aware of your devotion.
You were not hungry.

You visited 1 branch of the dungeon, and saw 4 of its levels.

You collected 221 gold pieces.

Inventory:

Hand Weapons
 a - a +1 trident
 o - a cursed -1 hunting sling (weapon)
Missiles
 d - 620 stones
 e - 350 arrows
 l - 241 sling bullets (quivered)
 m - 107 bolts
Armour
 b - +0 steam dragon scales (worn)
 g - a +0 helmet (worn)
 k - a +0 shield
Scrolls
 c - a scroll of immolation
 f - a scroll of enchant weapon
 h - 4 scrolls of teleportation
 j - 4 scrolls of identify


   Skills:
 + Level 3.6 Fighting
 * Level 5.5 Polearms
 - Level 3.0 Dodging
 - Level 0.1 Stealth
 + Level 3.7 Spellcasting
 * Level 2.4 Conjurations
 * Level 2.0 Fire Magic


You had 10 spell levels left.
You knew the following spells:

 Your Spells              Type           Power        Failure   Level  Hunger
a - Flame Tongue          Conj/Fire      #....        9%          1    N/A

Your spell library contained the following spells:

 Spells                   Type           Power        Failure   Level  Hunger
 Iskenderun's Battlesphe  Conj/Chrm      #.......     98%         5    N/A

Dungeon Overview and Level Annotations

Branches:
Dungeon (4/12)
 Temple: D:4-7

Altars:

Annotations:
D:3 Edmund


Innate Abilities, Weirdness & Mutations

You do not eat or drink.
You are immune to poison.
Your flesh is cold resistant. (rC+)
Your body sometimes deteriorates upon taking damage.
You are immune to negative energy. (rN+++)
You are immune to unholy pain and torment.
You can survive without breathing.
When hurt, damage is shared between your health and your magic reserves.
Your movements are slightly less encumbered by armour. (ER -2)
Casting spells heals you.


Message History

Press: ? - help, Shift-Dir - straight line, f - Edmund
Aim: Edmund, wielding a +2 dire flail of crushing and wearing a +0 scale mail (moderately wounded)
You miscast Flame Tongue.
You are very lightly contaminated with residual magic.
Heat runs through your body. Edmund closely misses you.
Casting: Flame Tongue (safe; 9% risk of failure)
Confirm with . or Enter, or press ? or * to list all spells.
Aiming: Flame Tongue (safe; 9% risk of failure)
Press: ? - help, Shift-Dir - straight line, f/p - Edmund
Aim: Edmund, wielding a +2 dire flail of crushing and wearing a +0 scale mail (moderately wounded)
The flame tongue hits Edmund.
Edmund appears unharmed.
Edmund is moderately wounded.
Casting: Flame Tongue (safe; 9% risk of failure)
Confirm with . or Enter, or press ? or * to list all spells.
Aiming: Flame Tongue (safe; 9% risk of failure)
Press: ? - help, Shift-Dir - straight line, f/p - Edmund
Aim: Edmund, wielding a +2 dire flail of crushing and wearing a +0 scale mail (moderately wounded)
You miscast Flame Tongue.
Nothing appears to happen.
Edmund hits you with a +2 dire flail of crushing!
You die...

.......####.........#
...#...# ##...#....#####
...÷...# ###..#.......#
####!..#######...#..###!##
................[........#
####...#########.........#
##### #.........#
#...<.....# #@@.......#
#.......<.# #.........#
###########


You could see Edmund.

Vanquished Creatures
  Sigmund (D:3)
  An ooze (D:2)
  4 worms
  2 dart slugs (D:2)
  4 leopard geckos
  An orc (D:3)
  5 giant cockroaches
  3 goblins
  4 hobgoblins
  2 jackals (D:3)
  A quokka (D:2)
  4 bats (D:1)
  3 frilled lizards
  5 kobolds
  4 rats
44 creatures vanquished.

Notes
Turn   | Place    | Note
-------+----------+-------------------------------------------
     0 | D:1      | Tinylith the Skeleton Reaver began the quest for the Orb.
     0 | D:1      | Reached XP level 1. HP: 14/14 MP: 4/4
   423 | D:1      | Reached skill level 4 in Polearms
   428 | D:1      | Reached XP level 2. HP: 19/19 MP: 6/6
  1182 | D:2      | Reached * piety under Vehumet
  1182 | D:2      | Offered knowledge of Flame Tongue by Vehumet.
  1185 | D:2      | Learned a level 1 spell: Flame Tongue
  1215 | D:2      | Reached XP level 3. HP: 23/23 MP: 3/7
  1852 | D:2      | Reached skill level 1 in Conjurations
  1917 | D:3      | Noticed Sigmund
  2040 | D:3      | Reached skill level 5 in Polearms
  2193 | D:3      | Reached XP level 4. HP: 28/28 MP: 3/8
  2253 | D:3      | Killed Sigmund
  2253 | D:3      | Reached XP level 5. HP: 20/33 MP: 2/10
  2389 | D:4      | Noticed Edmund
  2452 | D:3      | Slain by Edmund

Skill      XL: |  1  2  3  4 |
---------------+-------------+-----
Polearms       | 4 5 |  5.5
Conjurations   | 1 2 |  2.4
Fire Magic     | 2 |  2.0
Fighting       | |  3.6
Dodging        | |  3.0
Stealth        | |  0.1
Spellcasting   | |  3.7

Action                   |  1- 3 |  4- 6 || total
-------------------------+-------+-------++-------
Melee: Trident           |   162 |       ||   162
 Fire: Hunting sling     |     9 |     6 ||    15
Throw: Stone             |    11 |       ||    11
 Cast: Flame Tongue      |    14 |    11 ||    25
  Use: Scroll            |     4 |       ||     4
 Stab: Sleeping          |     1 |       ||     1
Armor: Steam dragon scal |    49 |     2 ||    51
Dodge: Dodged            |    83 |     4 ||    87
